 Dungeon Crawl Stone Soup version 0.23.2-33-g5129a83184 (webtiles) character file.

Game seed: 17819561818843277652

77 Folque the Conjurer (level 3, 0/28 HPs)
             Began as a Demigod Conjurer on July 28, 2019.
             Killed from afar by Natasha (11 damage)
             ... with a magic dart
             ... on level 3 of the Dungeon.
             The game lasted 00:04:34 (1634 turns).

Folque the Conjurer (Demigod Conjurer)              Turns: 1634, Time: 00:04:35

Health: 0/28       AC:  2    Str: 11    XL:     3   Next: 91%
Magic:  0/9        EV: 12    Int: 21    God:
Gold:   67         SH:  0    Dex: 16    Spells: 1/7 levels left

rFire    . . .     SeeInvis .   g - +0 spear
rCold    . . .     Gourm    .   (no shield)
rNeg     . . .     Faith    .   a - +0 robe
rPois    .         Spirit   .   (no helmet)
rElec    .         Reflect  .   (no cloak)
rCorr    .         Harm     .   (no gloves)
MR       .....                  (no boots)
Stlth    ++........             (no amulet)
HPRegen  0.09/turn              (no ring)
MPRegen  0.11/turn              (no ring)

@: no status effects
A: high mp 1
a: no special abilities


You were on level 3 of the Dungeon.
You were not hungry.

You visited 1 branch of the dungeon, and saw 3 of its levels.

You collected 67 gold pieces.

Inventory:

Hand Weapons
 d - a +0 dagger
 g - a +0 spear (weapon)
Armour
 a - a +0 robe (worn)
 l - a +0 ring mail
Jewellery
 q - an uncursed ring of poison resistance {unknown}
Scrolls
 b - 6 scrolls of remove curse {unknown}
 e - 2 scrolls of noise {unknown}
 f - a scroll of blinking {unknown}
 h - 2 scrolls of enchant armour {unknown}
 i - 3 scrolls of identify {unknown}
 k - a scroll of amnesia {unknown}
 o - 2 scrolls of enchant weapon {unknown}
 s - a scroll of teleportation {unknown}
Potions
 j - 2 potions of curing
 m - a potion of heal wounds {unknown}
 n - a potion of agility {unknown}
 r - a potion of degeneration {unknown}
 t - a potion of might {unknown}
Comestibles
 c - 5 rations
 p - 6 chunks of flesh


   Skills:
 - Level 1.0 Fighting
 - Level 1.7 Dodging
 - Level 1.7 Stealth
 + Level 2.7 Spellcasting
 + Level 4.0 Conjurations
 * Level 1.2 Hexes


You had one spell level left.
You knew the following spells:

 Your Spells              Type           Power        Failure   Level  Hunger
a - Magic Dart            Conj           ###.         2%          1    None
b - Searing Ray           Conj           ###...       3%          2    ##.....
c - Dazzling Spray        Conj/Hex       ##....       14%         3    ###....

Your spell library contained the following spells:

 Spells                   Type           Power        Failure   Level  Hunger
 Sublimation of Blood     Necr           #.........   21%         2    ##.....
 Iskenderun's Mystic Bla  Conj           ###.....     26%         4    ####...
 Ignite Poison            Fire/Tmut/Pois #.......     38%         3    ###....
 Fulminant Prism          Conj/Hex       ##........   41%         4    ####...
 Force Lance              Conj/Tloc      ##......     52%         4    ####...
 Petrify                  Tmut/Erth      #.......     80%         4    ####...
 Irradiate                Conj/Tmut      ##........   86%         5    ######.
 Alistair's Intoxication  Tmut/Pois      #.......     98%         5    ######.


Dungeon Overview and Level Annotations

Branches:
Dungeon (3/15)

Annotations:
D:3 Natasha


Innate Abilities, Weirdness & Mutations

You have an increased reservoir of magic. (+10% MP)


Message History

Aim: Natasha (heavily wounded, blind)
The magic dart hits Natasha but does no damage.
Natasha is heavily wounded.
Natasha claws you.
Casting: Magic Dart (safe; 2% risk of failure)
Confirm with . or Enter, or press ? or * to list all spells.
Aiming: Magic Dart (safe; 2% risk of failure)
Press: ? - help, Shift-Dir - straight line, f/p - Natasha
Aim: Natasha (heavily wounded, blind)
The magic dart hits Natasha but does no damage.
Natasha is heavily wounded.
Natasha barely misses you.
You hit Natasha but do no damage.
Natasha is heavily wounded.
Natasha is no longer blind.
Natasha claws you.
You closely miss Natasha.
Natasha is heavily wounded.
Natasha casts a spell at you. The magic dart hits you!
You die...

########################
........................
..............รท.........
.......@#######......###
.......h# #......#
........# #......#
........# #......#
........# #......#
........# #......#
........# #......#
........# #......#
########


You could see Natasha.

Vanquished Creatures
  Natasha (D:3)
  3 oozes
  2 giant cockroaches
  5 goblins
  7 hobgoblins
  5 kobolds
  A ball python (D:1)
  3 bats
  4 frilled lizards
  9 rats
40 creatures vanquished.

Notes
Turn   | Place    | Note
-------+----------+-------------------------------------------
     0 | D:1      | Folque the Demigod Conjurer began the quest for the Orb.
     0 | D:1      | Reached XP level 1. HP: 14/14 MP: 5/5
   211 | D:1      | Reached XP level 2. HP: 17/22 MP: 2/7
   300 | D:1      | Learned a level 2 spell: Searing Ray
   540 | D:1      | Reached skill level 1 in Fighting
   656 | D:1      | Reached XP level 3. HP: 25/28 MP: 9/9
   661 | D:1      | Learned a level 3 spell: Dazzling Spray
  1313 | D:3      | Noticed Natasha
  1323 | D:3      | Killed Natasha
  1323 | D:3      | Reached skill level 4 in Conjurations
  1323 | D:3      | Reached skill level 1 in Hexes
  1620 | D:3      | Noticed Natasha
  1634 | D:3      | Killed from afar by Natasha

Skill      XL: |  1  2  3 |
---------------+----------+-----
Spellcasting   | 2 |  2.7
Fighting       | 1 |  1.0
Conjurations   | 4 |  4.0
Hexes          | 1 |  1.2
Dodging        | |  1.7
Stealth        | |  1.7

Action                   || total
-------------------------++-------
Melee: Dagger            ||    59
       Unarmed           ||     1
       Spear             ||    31
 Cast: Magic Dart        ||    17
       Searing Ray       ||     3
       Dazzling Spray    ||     3
  Use: Potion            ||     2
 Stab: Sleeping          ||     6
       Invisible         ||     1
  Eat: Chunk             ||     3
Armor: Robe              ||     8
Dodge: Dodged            ||    55
